 Dungeon Crawl Stone Soup version 0.31-a0-949-g57150269e1 (webtiles) character file.

Game seed: 9676472574936303994

4730 pokeman the Thaumaturge (level 10, -5/56 HPs)
             Began as a Deep Elf Hedge Wizard on Oct 21, 2023.
             Was a Follower of Vehumet.
             Slain by an orc warlord
             ... wielding a +5 broad axe
              (21 damage)
             ... in a bailey.
             The game lasted 00:20:06 (7753 turns).

pokeman the Thaumaturge (Deep Elf Hedge Wizard)     Turns: 7753, Time: 00:20:06

Health: -5/56      AC:  6    Str:  7    XL:     10   Next: 22%
Magic:  12/29      EV: 23    Int: 24    God:    Vehumet [*.....]
Gold:   496        SH:  0    Dex: 14    Spells: 21/36 levels left

rFire   . . .        u - +2 short sword (venom)
rCold   . . .        (no shield)
rNeg    . . .        x - +1 robe {Will+}
rPois   .            o - +2 hat
rElec   .            k - +0 cloak
rCorr   .            (no gloves)
SInv    .            (no boots)
Will    ++...        m - amulet of magic regeneration
Stlth   ++           b - +5 ring of evasion
HPRegen 0.29/turn    w - +5 ring of evasion
MPRegen 0.61/turn

%: no passive effects
@: studying Ranged Weapons
A: no striking features
a: Renounce Religion


You were in a bailey.
You worshipped Vehumet.
Vehumet was aware of your devotion.
You visited 2 branches of the dungeon, and saw 9 of its levels.
You also visited: Sewer and Bailey.

You collected 496 gold pieces.

Inventory:

Hand Weapons
 q - a +2 dagger of electrocution
 s - a +2 dagger of chaos
 u - a +2 short sword of venom (weapon)
Missiles
 v - a throwing net
Armour
 k - a +0 cloak (worn)
 o - a +2 hat (worn)
 x - a +1 robe of willpower (worn)
Magical Staves
 F - a staff of conjuration
Jewellery
 b - a +5 ring of evasion (left hand)
 m - an amulet of magic regeneration (around neck)
 r - a ring of positive energy
 w - a +5 ring of evasion (right hand)
 D - a ring of fire
 H - the amulet of Attitude {Spirit rN+ Str+4 Int+3}
   (You found it on level 6 of the Dungeon)

   [amulet of guardian spirit]

   Spirit:    It causes incoming damage to be divided between your reserves of
   health and magic.
   Str+4:     It affects your strength (+4).
   Int+3:     It affects your intelligence (+3).
   rN+:       It protects you from negative energy.
 J - a ring of see invisible
Wands
 C - a wand of polymorph (7)
 G - a wand of light (8)
 L - a wand of iceblast (8)
Scrolls
 c - 2 scrolls of silence {unknown}
 e - 3 scrolls of fog {unknown}
 f - 3 scrolls of amnesia {unknown}
 g - 14 scrolls of identify {unknown}
 h - 6 scrolls of teleportation {unknown}
 l - 4 scrolls of revelation {unknown}
 p - 3 scrolls of fear {unknown}
 t - 3 scrolls of immolation {unknown}
 y - a scroll of noise {unknown}
 z - 2 scrolls of enchant weapon {unknown}
 A - a scroll of enchant armour {unknown}
 E - a scroll of vulnerability {unknown}
 N - a scroll of summoning {unknown}
Potions
 a - 2 potions of might {unknown}
 d - 3 potions of magic
 i - 2 potions of haste {unknown}
 j - 2 potions of invisibility {unknown}
 n - 4 potions of curing {unknown}
 B - 3 potions of heal wounds {unknown}
 I - a potion of lignification {unknown}
 K - a potion of attraction {unknown}
 M - a potion of resistance {unknown}
 O - a potion of experience


   Skills:
 + Level 4.0 Fighting
 - Level 4.0 Armour
 - Level 3.0 Dodging
 - Level 3.0 Stealth
 * Level 13.9 Spellcasting
 + Level 7.9 Conjurations
 - Level 1.1 Summonings
 - Level 1.1 Translocations
 + Level 2.7 Fire Magic
 - Level 1.0 Air Magic
 - Level 1.2 Poison Magic
 - Level 1.1 Evocations


You had 21 spell levels left.
You knew the following spells:

 Your Spells              Type           Power      Damage    Failure   Level
a - Magic Dart            Conj           100%       1d8       1%          1
b - Mephitic Cloud        Conj/Pois/Air  33%        N/A       2%          3
c - Call Imp              Summ           44%        N/A       3%          2
d - Blink                 Tloc           44%        N/A       3%          2
e - Flame Wave            Conj/Fire      42%        2d11      3%          4
f - Ignite Poison         Fire/Tmut/Pois 23%        N/A       6%          3

Your spell library contained the following spells:

 Spells                   Type           Power      Damage    Failure   Level
 Sandblast                Erth           32%        2d9       3%          1
 Slow                     Hex            64%        N/A       3%          1
 Sticky Flame             Conj/Fire      42%        2d6       3%          4
 Cigotuvi's Dreadful Rot  Necr/Pois/Air  40%        N/A       4%          2
 Ensorcelled Hibernation  Hex/Ice        32%        N/A       5%          2
 Jinxbite                 Hex            32%        N/A       5%          2
 Inner Flame              Hex/Fire       23%        N/A       6%          3
 Summon Guardian Golem    Hex/Summ       19%        N/A       9%          3
 Confusing Touch          Hex            16%        N/A       11%         3
 Ozocubu's Armour         Ice            16%        N/A       11%         3
 Sigil of Binding         Hex            16%        N/A       11%         3
 Vampiric Draining        Necr           16%        2d7       11%         3
 Anguish                  Hex/Necr       8%         N/A       34%         4
 Leda's Liquefaction      Hex/Erth       8%         N/A       34%         4
 Metabolic Englaciation   Hex/Ice        8%         N/A       69%         5
 Orb of Destruction       Conj           26%        9d9       75%         7
 Simulacrum               Ice/Necr       8%         N/A       99%         6
 Spellforged Servitor     Conj/Summ      19%        N/A       99%         7


Dungeon Overview and Level Annotations

Branches:
Dungeon (8/15)             Temple (1/1) D:7           Sewer (visited)
 Bailey (1/1)
   Lair: D:8-11

Altars:
Ashenzari
Dithmenos
Elyvilon
Fedhas
Gozag
Hepliaklqana
Kikubaaqudgha
Makhleb
Nemelex Xobeh
Okawaru
Qazlal
Ru
Sif Muna
Uskayaw
Vehumet
Wu Jian
Xom
Yredelemnul
Zin
The Shining One

Shops:
D:3 [


Message History

Casting: Ignite Poison (dangerous; 6% risk of failure)
Confirm with . or Enter, or press ? or * to list all spells.
A tiny devil pulls itself out of the air.
The orc warlord is engulfed in blazing flames.
Unknown command.
Press: ? - help, v - describe, . - travel, g - get item
Here: an orc warlord, wielding a +5 broad axe and wearing a +0 plate armour (severely wounded, ally target)
Items here: a +0 war axe; a +0 leather armour.
The floor.
Unknown command.
Your cerulean imp hits the orc warlord but does no damage.
Your cerulean imp hits the orc warlord but does no damage.
You feel ready to blink again.
The orc warlord hits your cerulean imp with a +5 broad axe!!
Your cerulean imp dies!
Your cerulean imp disappears in a puff of smoke!
Casting: Call Imp (safe; 3% risk of failure)
Confirm with . or Enter, or press ? or * to list all spells.
Aiming: Mephitic Cloud (dangerous; 2% risk of failure)
Press: ? - help, Shift-Dir - straight line, f - orc warlord
Aim: an orc warlord, wielding a +5 broad axe and wearing a +0 plate armour (severely wounded, chance to affect: 29%)
The ball explodes into a vile cloud!
The stinking cloud engulfs the orc warlord but does no damage.
The orc warlord is severely wounded.
The orc warlord is engulfed in noxious fumes.
Unknown command.
Casting: Mephitic Cloud (dangerous; 2% risk of failure)
Confirm with . or Enter, or press ? or * to list all spells.
You ignite the poison in your surroundings!
The orc warlord is engulfed in blazing flames.
The orc warlord hits you with a +5 broad axe!!
* * * LOW HITPOINT WARNING * * *
Unknown command.
Unknown command.
You hit the orc warlord but do no damage.
The orc warlord is poisoned.
The orc warlord is almost dead.
The orc warlord is engulfed in blazing flames.
The orc warlord hits you with a +5 broad axe!!
You die...

### ### ###.### ###.###
###.....### ###.....#
##.........###........
#.)..@......#.........
#...○o○.....'.........
#...☼○☼.....#.....⌠...
#...○○§.....#.........
#.).........#......... ♣♣♣♣
###.).).....###........ ♣♣.♣♣
###.#'#.....###.###.....#
....♣♣###....)###)###.....###.###
.....##.........###.........###..


You could see an orc warlord (very poisoned).

Vanquished Creatures
  Pikel (D:6)
  A moth of wrath (Bailey)
  Jeremiah (D:6)
  Sigmund (D:6)
  Edmund (D:5)
  11 orc warriors
  An ice beast (D:6)
  A black bear (D:7)
  4 ogres
  A lemure (D:6)
  Blork the orc (D:5)
  A kobold brigand (D:8)
  3 bullfrogs
  A gnoll sergeant (D:4)
  3 scorpions (D:4)
  6 killer bees (D:6)
  A howler monkey (D:6)
  4 crimson imps
  3 hounds
  4 jellies
  An orc priest (D:5)
  Ijyb (D:5)
  5 iguanas
  An orc wizard (D:5)
  10 gnolls
  8 adders
  6 river rats (Sewer)
  A shadow imp (D:6)
  A white imp (D:3)
  2 ufetubi (D:7)
  4 worms
  A dart slug (D:4)
  18 orcs
  21 ball pythons
  8 endoplasms
  4 giant cockroaches
  21 goblins
  14 hobgoblins
  2 jackals (D:4)
  12 kobolds
  A quokka (D:4)
  5 bats
  5 frilled lizards
  25 rats
227 creatures vanquished.

Notes
Turn   | Place    | Note
-------+----------+-------------------------------------------
     0 | D:1      | pokeman the Deep Elf Hedge Wizard began the quest for the
                  | Orb.
     0 | D:1      | Reached XP level 1. HP: 10/10 MP: 7/7
   420 | D:1      | Reached XP level 2. HP: 15/15 MP: 7/9
  1019 | D:2      | Reached skill level 5 in Spellcasting
  1109 | D:2      | Reached XP level 3. HP: 18/20 MP: 4/11
  1113 | D:2      | Learned a level 3 spell: Mephitic Cloud
  1116 | D:2      | Learned a level 2 spell: Call Imp
  1119 | D:2      | Learned a level 2 spell: Blink
  1729 | D:3      | Reached skill level 1 in Fighting
  1738 | D:3      | Reached skill level 1 in Armour
  1913 | D:3      | Found Norau's Antique Armour Boutique.
  1960 | D:3      | Reached XP level 4. HP: 25/25 MP: 9/13
  2045 | D:3      | Found a shimmering altar of Xom.
  2098 | D:3      | HP: 1/25 [crimson imp (2)]
  2439 | D:3      | Found a glowing silver altar of Zin.
  2474 | D:3      | Found a broken altar of Ashenzari.
  2593 | D:3      | Found a hide-covered altar of Uskayaw.
  2615 | D:3      | Reached skill level 6 in Spellcasting
  2708 | D:3      | Found a faded altar of an unknown god.
  2857 | D:3      | Reached XP level 5. HP: 23/29 MP: 11/15
  2910 | D:3      | Reached skill level 1 in Air Magic
  2942 | D:3      | Reached skill level 1 in Poison Magic
  3387 | D:4      | Found a burning altar of Makhleb.
  3444 | D:4      | Found an ornate altar of the Wu Jian Council.
  3456 | D:4      | Reached skill level 7 in Spellcasting
  3456 | D:4      | Reached XP level 6. HP: 34/34 MP: 13/18
  3736 | D:4      | Reached XP level 7. HP: 16/40 MP: 20/20
  3870 | D:4      | Reached skill level 8 in Spellcasting
  4033 | D:5      | Entered Level 5 of the Dungeon
  4036 | D:5      | Noticed Blork the orc
  4054 | D:5      | Killed Blork the orc
  4207 | D:5      | Found a glowing drain.
  4221 | Sewer    | Entered a sewer
  4287 | Sewer    | Reached skill level 9 in Spellcasting
  4536 | Sewer    | Reached XP level 8. HP: 38/46 MP: 16/23
  4775 | D:5      | Noticed Edmund
  4802 | D:5      | Killed Edmund
  4803 | D:5      | Reached skill level 5 in Conjurations
  4829 | D:5      | Noticed Ijyb
  4842 | D:5      | Killed Ijyb
  4843 | D:5      | Reached skill level 10 in Spellcasting
  5368 | D:6      | Found an ancient bone altar of Kikubaaqudgha.
  5368 | D:6      | Found a sacrificial altar of Ru.
  5443 | D:6      | Noticed Sigmund
  5448 | D:6      | Noticed Jeremiah
  5477 | D:6      | Killed Sigmund
  5478 | D:6      | Reached skill level 11 in Spellcasting
  5490 | D:6      | Killed Jeremiah
  5491 | D:6      | Reached XP level 9. HP: 43/50 MP: 26/26
  5609 | D:6      | Noticed Pikel
  5624 | D:6      | Killed Pikel
  5625 | D:6      | Reached skill level 12 in Spellcasting
  5631 | D:6      | Identified the amulet of Attitude {Spirit rN+ Str+4 Int+3}
  6140 | D:7      | Reached skill level 13 in Spellcasting
  6322 | D:7      | Learned a level 4 spell: Flame Wave
  6486 | D:7      | Found a staircase to the Ecumenical Temple.
  6492 | Temple   | Entered the Ecumenical Temple
  6500 | Temple   | Became a worshipper of Vehumet
  6880 | Bailey   | Identified the "Dozugid"
  6909 | D:8      | Found a flagged portal.
  7016 | Bailey   | Entered a bailey
  7116 | Bailey   | Reached skill level 1 in Fire Magic
  7116 | Bailey   | Reached skill level 1 in Evocations
  7149 | Bailey   | Reached * piety under Vehumet
  7149 | Bailey   | Offered knowledge of Sandblast by Vehumet.
  7226 | Bailey   | Noticed an orc warlord
  7248 | Bailey   | Reached XP level 10. HP: 48/56 MP: 29/29
  7358 | Bailey   | Noticed an orc knight
  7369 | Bailey   | an orc knight changed into a moth of wrath
  7369 | Bailey   | Noticed a moth of wrath
  7369 | Bailey   | Noticed an orc knight
  7380 | Bailey   | an orc knight changed into a snapping turtle
  7382 | Bailey   | Killed a moth of wrath
  7683 | Bailey   | Learned a level 3 spell: Ignite Poison
  7753 | Bailey   | Slain by an orc warlord

Illustrated notes

Levels and vault maps discovered:
D:1:      dpeg_arrival_round_a, layout_loops_ring, nrook_campfire
D:2:      layout_basic
D:3:      layout_loops_ring, led_xom_imps,
          nicolae_uskayaw_murder_on_the_dancefloor,
          mainiacjoe_overflow_two_lobes, shapermc_ecumenical_altar_flowoftime,
          serial_shops, nicolae_shop_crystal
D:4:      layout_loops_cross, mainiacjoe_overflow_concentric_impassable,
          bloody_makhleb, minmay_vboxes
D:5:      layout_basic, cheibrodos_sewer_entry_bend, uniq_edmund,
          uniq_blork_the_orc, uniq_ijyb
D:6:      layout_gridville, chequers_temple_overflow_statue_of_worship,
          minmay_strange_pillars, minmay_door_square, uniq_pikel, uniq_jeremiah,
          uniq_sigmund
D:7:      layout_layer_cave, minmay_temple_entry_drinking_statues,
          minmay_misc_feat_rows
D:8:      layout_basic, trog_three_pillars_becter, enter_bailey_3
Temple:   hellmonk_temple_forest_ring
Bailey:   bailey_axe_minmay_hex_keep, bailey

Skill      XL: |  1  2  3  4  5  6  7  8  9 10 |
---------------+-------------------------------+-----
Spellcasting   | 5 6 7 9 11 13 | 13.9
Fighting       | 1 2 3 4 |  4.0
Armour         | 1 3 4 |  4.0
Conjurations   | 2 3 4 6 7 |  7.9
Stealth        | 3 |  3.0
Dodging        | 3 |  3.0
Air Magic      | 1 |  1.0
Poison Magic   | 1 |  1.2
Fire Magic     | 1 2 |  2.7
Evocations     | 1 |  1.1
Summonings     | |  1.1
Translocations | |  1.1

Action                     |  1- 3 |  4- 6 |  7- 9 | 10-12 || total
---------------------------+-------+-------+-------+-------++-------
  Melee: Dagger            |     3 |    24 |       |       ||    27
         Short sword       |       |    20 |   144 |    60 ||   224
         Punch             |       |     1 |     3 |     2 ||     6
   Cast: Magic Dart        |    92 |   149 |   298 |    21 ||   560
         Call Imp          |     1 |     7 |     1 |     1 ||    10
         Blink             |       |     5 |       |     1 ||     6
         Mephitic Cloud    |       |     8 |    27 |    13 ||    48
         Ignite Poison     |       |       |       |     4 ||     4
  Evoke: Wand              |       |       |       |     2 ||     2
   Stab: Confused          |       |     2 |     9 |     8 ||    19
 Armour: Robe              |     8 |    57 |    32 |    12 ||   109
  Dodge: Dodged            |     3 |    56 |   148 |    42 ||   249

Table legend: (Time is in decaauts)
 A = Elapsed time spent in this place.
 B = Non-inter-level travel time spent in this place.
 C = Inter-level travel time spent in this place.
 D = Time resting spent in this place.
 E = Time spent auto-exploring this place.
 F = Levels seen in this place.
 G = Mean time per level.
                   A        B        C        D        E       F      G
               +--------+--------+--------+--------+--------+-----+--------+
         Total |   7795 |   7644 |    151 |    477 |   5323 |  11 |  708.6 |
       Dungeon |   6644 |   6500 |    144 |    250 |   4977 |   8 |  830.5 |
        Temple |     16 |      9 |      7 |      0 |      0 |   1 |   16.0 |
         Sewer |    397 |    397 |      0 |      0 |    253 |   1 |  397.0 |
        Bailey |    736 |    736 |      0 |    227 |     92 |   1 |  736.0 |
               +--------+--------+--------+--------+--------+-----+--------+

Top non-repeatable levels by time:
     D:3: 1179 daAuts
     D:1: 1136 daAuts
     D:5: 922 daAuts
     D:4: 886 daAuts
     D:2: 828 daAuts
     D:6: 785 daAuts
     D:7: 763 daAuts
  Bailey: 736 daAuts
   Sewer: 397 daAuts
     D:8: 142 daAuts
  Temple: 16 daAuts
